 Dungeon Crawl Stone Soup version 0.30.1-3-gfc49f6343a (webtiles) character file.

Game seed: 10137072635412973711

2297552 cdecastro the Ninja (level 27, 154/249 HPs)
             Began as a Merfolk Summoner on Aug 3, 2023.
             Was a Follower of Uskayaw.
             Escaped with the Orb
             ... and 5 runes on Aug 8, 2023!
             The game lasted 09:55:29 (121761 turns).

cdecastro the Ninja (Merfolk Summoner)            Turns: 121761, Time: 09:55:30

Health: 154/249    AC: 23    Str: 15    XL:     27
Magic:  48/48      EV: 31    Int: 31    God:    Uskayaw [*.....]
Gold:   7415       SH:  7    Dex: 21    Spells: 2/50 levels left

rFire   . . .        a - +9 demon blade (spect)
rCold   + . .        U - +0 buckler {rF+}
rNeg    + + .        y - +4 faerie dragon scales {rCorr Str+5 Clar}
rPois   .            G - +2 helmet {Int+3}
rElec   .            w - +4 dragonskin cloak
rCorr   +            o - +1 pair of gloves "Feegizan" {rN+ Int+3}
SInv    +            c - +2 pair of boots {rampage}
Will    +++..        N - amulet of regeneration
Stlth   ++++         u - ring of Qiah {Ice Will+ Slay+3 SInv}
HPRegen 0.00/turn    K - ring of the Mantidfly {rN+ MP+9 Int+5 Stlth+}
MPRegen 0.31/turn

%: clarity, rampage
@: inhibited regen, studying 2 skills
A: (nimble swimmer 2), mertail, passive freeze, inhibited regeneration, subdued
magic 1
0: Orb of Zot
}: 5/15 runes: decaying, serpentine, slimy, silver, abyssal
a: Renounce Religion, Stomp


You escaped.
You worshipped Uskayaw.
Uskayaw was pleased with you.
You visited 14 branches of the dungeon, and saw 58 of its levels.
You visited the Abyss 2 times.
You also visited: Bailey, Gauntlet, Ice Cave, Volcano, Wizlab and Desolation.

You collected 9512 gold pieces.
You spent 2097 gold pieces at shops.

Inventory:

Hand Weapons
 a - a +9 spectral demon blade (weapon)
 b - a +9 spectral dagger
Armour
 c - a +2 pair of boots of rampaging (worn)
 o - the +1 pair of gloves "Feegizan" (worn) {rN+ Int+3}
   (You found it in an ice cave)

   Int:       It affects your intelligence (+3).
   rN:        It protects you from negative energy.
 w - the +4 dragonskin cloak (worn)
   (You took it off Tiamat on level 2 of the Realm of Zot)

   Avatar's Aegis: It grants the wearer a chance to resist fire, cold, poison,
   electricity, acid, and negative energy.
 y - the +4 faerie dragon scales (worn) {rCorr Str+5 Clar}
   (You took it off the Enchantress on level 3 of the Depths)

   Str:       It affects your strength (+5).
   Clar:      It protects you from confusion, rage, mesmerisation and fear.
   rCorr:     It protects you from acid and corrosion.
 G - a +2 helmet of intelligence (worn)
 U - a +0 buckler of fire resistance (worn)
Jewellery
 p - an amulet of faith
 u - the ring of Qiah (left hand) {Ice Will+ Slay+3 SInv}
   (You took it off Josephina on level 2 of the Realm of Zot)

   [ring of ice]

   It enhances your ice magic.
   Slay:      It affects your accuracy & damage with ranged weapons and melee
   (+3).
   rF:        It makes you vulnerable to fire.
   rC:        It protects you from cold.
   SInv:      It lets you see invisible.
   Will:      It increases your willpower.
 I - the ring "Danoeq" {rN+ Will+ Dex+2}
   (You took it off a spriggan defender on level 3 of the Depths)

   [ring of willpower]

   Dex:       It affects your dexterity (+2).
   rN:        It protects you from negative energy.
   Will:      It increases your willpower.
 K - the ring of the Mantidfly (right hand) {rN+ MP+9 Int+5 Stlth+}
   (You took it off a salamander mystic on level 3 of the Snake Pit)

   [ring of magical power]

   Int:       It affects your intelligence (+5).
   rN:        It protects you from negative energy.
   MP:        It affects your magic capacity (+9).
   Stlth:     It makes you more stealthy.
 N - an amulet of regeneration (around neck)
Wands
 g - a wand of quicksilver (28)
 r - a wand of roots (82)
 v - a wand of flame (82)
 x - a wand of mindburst (31)
 C - a wand of charming (26)
 F - a wand of polymorph (19)
 Q - a wand of digging (10)
Scrolls
 d - 3 scrolls of blinking
 l - 11 scrolls of fog
 n - 13 scrolls of magic mapping
 q - 2 scrolls of torment
 s - 10 scrolls of poison
 z - 12 scrolls of immolation
 B - 16 scrolls of vulnerability
 D - 4 scrolls of silence
 E - 8 scrolls of teleportation
 O - 5 scrolls of butterflies
 W - 13 scrolls of fear
Potions
 e - 9 potions of might
 f - 10 potions of curing
 i - 5 potions of invisibility
 j - 15 potions of flight
 m - 5 potions of brilliance
 A - 10 potions of magic
 H - 6 potions of lignification
 J - 11 potions of mutation
 L - 2 potions of resistance
 X - 6 potions of cancellation
 Y - 11 potions of haste
 Z - 15 potions of attraction
Miscellaneous
 h - a phial of floods
 t - the horn of Geryon
 M - a phantom mirror
 P - a box of beasts
 R - a tin of tremorstones (1/2)
 T - a lightning rod (4/4)


   Skills:
 O Level 27 Fighting
 + Level 23.8 Long Blades
 O Level 27 Dodging
 O Level 27 Stealth
 - Level 10.0 Shields
 - Level 12.0 Spellcasting
 - Level 22.0 Summonings
 - Level 13.1 Translocations
 - Level 15.1 Invocations
 - Level 15.0 Evocations


You had 2 spell levels left.
You knew the following spells:

 Your Spells              Type           Power      Damage    Failure   Level
a - Summon Cactus Giant   Summ           43%        N/A       1%          6
b - Malign Gateway        Summ/Tloc      39%        N/A       2%          7
c - Dispersal             Tloc           33%        N/A       2%          6
e - Summon Lightning Spi  Summ/Air       61%        N/A       1%          4
f - Summon Forest         Summ/Tloc      39%        N/A       1%          5
g - Summon Mana Viper     Hex/Summ       61%        N/A       1%          5
h - Monstrous Menagerie   Summ           43%        N/A       1%          7
i - Summon Horrible Thin  Summ           43%        N/A       2%          8

Your spell library contained the following spells:

 Spells                   Type           Power      Damage    Failure   Level
 Summon Small Mammal      Summ           100%       N/A       0%          1
 Blink                    Tloc           100%       N/A       0%          2
 Call Imp                 Summ           100%       N/A       0%          2
 Lesser Beckoning         Tloc           100%       N/A       0%          2
 Momentum Strike          Conj/Tloc      90%        3d10      1%          2
 Beastly Appendage        Tmut           28%        N/A       3%          1
 Foxfire                  Conj/Fire      56%        2x1d6     3%          1
 Freeze                   Ice            84%        1d9       3%          1
 Kiss of Death            Conj/Necr      56%        2d9       3%          1
 Magic Dart               Conj           56%        1d5       3%          1
 Necrotise                Necr           56%        1d6       3%          1
 Sandblast                Erth           28%        2d8       3%          1
 Shock                    Conj/Air       56%        1d6       3%          1
 Slow                     Hex            56%        N/A       3%          1
 Sting                    Tmut/Pois      56%        1d5       3%          1
 Ensorcelled Hibernation  Hex/Ice        42%        N/A       5%          2
 Passwall                 Tmut/Erth      11%        N/A       5%          2
 Poisonous Vapours        Pois/Air       28%        N/A       5%          2
 Scorch                   Fire           28%        2d6       5%          2
 Searing Ray              Conj           28%        2d5       5%          2
 Sublimation of Blood     Necr           14%        N/A       5%          2
 Wereblood                Tmut           14%        N/A       5%          2
 Call Canine Familiar     Summ           87%        N/A       0%          3
 Gell's Gravitas          Tloc           67%        N/A       1%          3
 Summon Guardian Golem    Hex/Summ       61%        N/A       1%          3
 Teleport Other           Tloc           67%        N/A       1%          3
 Vhi's Electric Charge    Tloc/Air       90%        N/A       1%          3
 Volatile Blastmotes      Fire/Tloc      90%        2d17      1%          3
 Manifold Assault         Tloc           67%        N/A       1%          4
 Passage of Golubria      Tloc           67%        N/A       1%          4
 Summon Ice Beast         Ice/Summ       79%        N/A       1%          4
 Iskenderun's Mystic Bla  Conj/Tloc      45%        2d10      2%          4
 Confusing Touch          Hex            14%        N/A       12%         3
 Dazzling Flash           Conj/Hex       28%        N/A       12%         3
 Frozen Ramparts          Ice            42%        1d7       12%         3
 Hailstorm                Conj/Ice       21%        3d6       12%         3
 Inner Flame              Hex/Fire       14%        N/A       12%         3
 Ozocubu's Armour         Ice            21%        N/A       12%         3
 Spider Form              Tmut/Pois      14%        N/A       12%         3
 Stone Arrow              Conj/Erth      28%        3d8       12%         3
 Swiftness                Air            14%        N/A       12%         3
 Tukima's Dance           Hex            14%        N/A       12%         3
 Vampiric Draining        Necr           14%        2d7       12%         3
 Haunt                    Necr/Summ      30%        N/A       34%         7
 Airstrike                Air            7%         2d(1-17)  36%         4
 Anguish                  Hex/Necr       7%         N/A       36%         4
 Animate Dead             Necr           14%        N/A       36%         4
 Dispel Undead            Necr           14%        3d10      36%         4
 Flame Wave               Conj/Fire      14%        2d6       36%         4
 Fulminant Prism          Conj/Hex       7%         3d6       36%         4
 Ice Form                 Ice/Tmut       21%        N/A       36%         4
 Leda's Liquefaction      Hex/Erth       7%         N/A       36%         4
 Olgreb's Toxic Radiance  Pois           14%        N/A       36%         4
 Petrify                  Tmut/Erth      14%        N/A       36%         4
 Sticky Flame             Conj/Fire      14%        2d4       36%         4
 Agony                    Necr           14%        N/A       73%         5
 Alistair's Intoxication  Tmut/Pois      9%         N/A       73%         5
 Arcjolt                  Conj/Air       7%         1d17      73%         5
 Borgnjor's Vile Clutch   Necr/Erth      7%         N/A       73%         5
 Fireball                 Conj/Fire      7%         3d5       73%         5
 Freezing Cloud           Conj/Ice/Air   10%        6-21      73%         5
 Irradiate                Conj/Tmut      7%         3d14      73%         5
 Iskenderun's Battlesphe  Conj           14%        2d7       73%         5
 Lee's Rapid Deconstruct  Erth           7%         3d6*      73%         5
 Metabolic Englaciation   Hex/Ice        10%        N/A       73%         5
 Silence                  Hex/Air        7%         N/A       73%         5
 Yara's Violent Unravell  Hex/Tmut       7%         3d5       73%         5
 Disjunction              Tloc           33%        N/A       77%         8
 Conjure Ball Lightning   Conj/Air       7%         3x3d6     100%        6
 Death Channel            Necr           7%         N/A       100%        6
 Eringya's Noxious Bog    Tmut/Pois      7%         N/A       100%        6
 Plasma Beam              Fire/Air       7%         2x1d19    100%        6
 Simulacrum               Ice/Necr       10%        N/A       100%        6
 Starburst                Conj/Fire      7%         6d4       100%        6
 Statue Form              Tmut/Erth      9%         N/A       100%        6
 Dragon Form              Tmut           7%         N/A       100%        7
 Enfeeble                 Hex            7%         N/A       100%        7
 Orb of Destruction       Conj           7%         9d6       100%        7
 Ozocubu's Refrigeration  Ice            10%        4d9       100%        7
 Storm Form               Tmut/Air       7%         N/A       100%        7
 Borgnjor's Revivificati  Necr           7%         N/A       100%        8
 Discord                  Hex            7%         N/A       100%        8
 Ignition                 Fire           7%         3d4       100%        8
 Infestation              Necr           7%         N/A       100%        8
 Maxwell's Capacitive Co  Air            7%         ∞         100%        8
 Necromutation            Tmut/Necr      7%         N/A       100%        8
 Chain Lightning          Conj/Air       7%         3d9       100%        9
 Death's Door             Necr           7%         N/A       100%        9
 Fire Storm               Conj/Fire      7%         8d2       100%        9
 Polar Vortex             Ice            10%        N/A       100%        9


Dungeon Overview and Level Annotations

Branches:
Dungeon (15/15)            Temple (1/1) D:7            Lair (5/5) D:10
  Swamp (4/4) Lair:3        Snake (4/4) Lair:3        Slime (5/5) Lair:5
    Orc (2/2) D:12            Elf (3/3) Orc:2        Vaults (5/5) D:13
  Crypt (3/3) Vaults:3       Tomb (1/3) Crypt:3      Depths (4/4) D:15
   Hell (visited)             Dis (0/7) Hell            Geh (0/7) Hell
    Coc (0/7) Hell            Tar (0/7) Hell            Zot (5/5) Depths:4
 Bailey (visited)           IceCv (visited)         Volcano (visited)
 WizLab (visited)         Desolation (visited)      Gauntlet (visited)

Altars:
Ashenzari
Cheibriados
Dithmenos
Elyvilon
Fedhas
Gozag
Hepliaklqana
Kikubaaqudgha
Makhleb
Nemelex Xobeh
Okawaru
Qazlal
Ru
Sif Muna
Trog
Uskayaw
Vehumet
Wu Jian
Xom
Yredelemnul
Zin
The Shining One
Jiyva

Shops:
D:5 *   D:13 [   D:14 *   Orc:2 (*((   Elf:2 [

Portals:
Hell: Depths:1 Depths:2 Depths:3 Depths:4
Abyss: Depths:3
Pandemonium: Depths:2
Ziggurat: Depths:2


Innate Abilities, Weirdness & Mutations

((You are very nimble when in or above water. (Stealth+, EV+, Speed+++)))
Your lower body shifts to a powerful aquatic tail in water.
A frigid envelope surrounds you and freezes all who hurt you.
You do not regenerate when monsters are visible.
Your spells are a little easier to cast, but a little less powerful.


Message History

Unknown command.
Blink to where?
Press: ? - help, Dir - move target
As you read the scroll of blinking, it crumbles to dust.
As you read the scroll of fog, it crumbles to dust.
The scroll dissolves into smoke.
The tormentor calls on the powers of darkness!
Your body is wracked with pain!
There is a stone staircase leading up here.
You climb upwards.
There is a stone staircase leading down here.
Okay, then.
Unknown command.
Aiming: Dig
Press: ? - help, Shift-Dir - straight line A rock wall.
This square is covered in magical glow.
The rock shatters into small pieces.
Unknown command.
Okay, then.
Unknown command.
Aiming: Dig
Press: ? - help, Shift-Dir - straight line A rock wall.
This square is covered in magical glow.
The rock shatters into small pieces.
Unknown command.
An Orb Guardian comes into view.
The Orb Guardian hits you!!
The Orb Guardian is very cold.
The Orb Guardian is lightly wounded.
The Orb Guardian misses you. You block the Orb Guardian's attack.
The Orb Guardian attacks as you move away!
The Orb Guardian hits you but does no damage.
You block the Orb Guardian's attack.
The Orb Guardian attacks as you move away!
The Orb Guardian misses you. The Orb Guardian completely misses you.
There is a staircase leading out of the dungeon here.
The Orb Guardian closely misses you.
You have escaped!

##.##~≈~≈~#########.##.##.# #
##.##≈~≈~≈##...........##.#
##.##≈≈~≈≈##.####.#.#####.#
##.####'####.####...##
#.#######
##.##........#.#.#.#.#
#........
#(#...#####..#.#.#.##
#########
#...........#.#.#.#.# ###
###.#.######.#X#.#.## ##.#
###....# ##.#@#.#.# ####.#.
....#..# #.#.#.#.## ##...###
###...## ##.#.#.#.# #..##.#.
##.## #.#.#.#.## ♣.♣♣##.# #.#
##.###### ♣..♣ #.# #.#
#.#########♣♣♣.♣##.# #.#
#..........♣P..♣...#
#.###########.......#♣♣.♣♣####
#.............#####..♣..P♣....


You could see an Orb Guardian.

Vanquished Creatures
  the Royal Jelly (Slime:5)
  4 dread liches
  2 ancient liches
  5 orbs of fire
  A juggernaut (Depths:4)
  A royal mummy (Crypt:3)
  Sojobo (Vaults:3)
  Parghit (Depths:3)
  A Killer Klown (Zot:5)
  Bai Suzhen (Vaults:4)
  2 curse toes
  Margery (Vaults:4)
  Geryon (Hell)
  12 golden dragons
  Jory (Vaults:5)
  4 electric golems
  Zenata (Crypt:3)
  An Ice Fiend (Depths:3)
  23 Orb Guardians (Zot:5)
  16 tentacled monstrosities
  2 liches
  A deep elf master archer (Elf:3)
  7 quicksilver dragons
  4 titans
  22 acid blobs
  A deep elf blademaster (Elf:3)
  10 death cobs
  4 tentacled starspawn
  9 sphinxes
  11 tengu reavers
  8 ancient champions (Crypt:3)
  An eldritch tentacle (WizLab)
  14 shadow dragons
  9 revenants
  14 azure jellies
  6 draconian monks
  9 storm dragons
  4 draconian knights
  9 rockslimes
  4 nagarajas (Snake:4)
  4 imperial myrmidons (Desolation)
  16 vault wardens
  9 frost giants
  7 fire giants
  3 deep elf sorcerers
  11 ghouls
  2 balrugs
  4 draconian scorchers
  5 draconian shifters
  5 draconian annihilators
  A war gargoyle (Hell)
  20 ironbound preservers
  A cacodemon (Abyss:4)
  4 curse skulls
  3 deep elf elementalists (Elf:3)
  2 spriggan defenders
  4 orc warlords
  A juggernaut skeleton (Crypt:1)
  2 draconian stormcallers
  8 stone giants
  13 quicksilver oozes
  2 reapers
  23 very ugly things
  19 green draconians
  7 ironbound thunderhulks
  10 vampire knights
  2 bennus (Tomb:1)
  5 deep elf annihilators
  17 yellow draconians
  An eleionoma (Swamp:2)
  6 deep elf demonologists
  A bunyip (Swamp:2)
  2 lorocyprocas
  2 spark wasps
  7 black draconians
  12 dire elephants
  8 red draconians
  7 white draconians
  8 purple draconians
  8 eidola
  A spark wasp (shapeshifter) (Vaults:5)
  10 ettins
  2 crystal guardians
  A blizzard demon (Hell)
  A quicksilver dragon zombie (Tomb:1)
  6 fire dragons
  3 deep elf high priests (Vaults:5)
  7 deep elf death magi
  7 ragged hierophants (Desolation)
  10 jiangshi
  6 mummy priests (Tomb:1)
  2 entropy weavers (Vaults:2)
  2 rakshasas
  9 servants of whispers (Desolation)
  16 yaktaur captains
  7 great orbs of eyes
  6 ice dragons
  A quicksilver dragon skeleton (WizLab)
  4 anacondas
  5 peacekeepers
  11 centaur warriors
  4 hydras
  A spriggan air mage (Depths:4)
  A hell beast (Depths:2)
  7 ironbound frosthearts
  23 vault guards
  5 boulder beetles
  A two-headed ogre (D:13)
  A deep troll shaman (Depths:1)
  2 hell hogs (Hell)
  2 death knights (Crypt:2)
  An orc high priest (Orc:1)
  17 death scarabs (Tomb:1)
  An ogre mage (Vaults:5)
  11 dancing weapons
  A deep troll earth mage (Depths:1)
  5 tengu warriors
  3 naga warriors (Snake:4)
  2 thrashing horrors
  A naga sharpshooter (Snake:3)
  5 vampire magi
  4 deep elf knights
  A spriggan berserker (Depths:4)
  7 hell knights
  4 soul eaters
  6 sun demons (Hell)
  4 sixfirhies
  4 shadow wraiths
  2 titan skeletons
  2 bunyip zombies
  18 skeletal warriors
  4 wretched stars
  46 deep trolls
  A deep troll (shapeshifter) (D:13)
  2 goliath frogs
  8 glowing orange brains
  3 anaconda zombies
  7 iron trolls
  An obsidian statue (WizLab)
  A quicksilver dragon simulacrum (Zot:3)
  3 bog bodies
  3 spriggan druids
  5 swamp dragons
  6 wizards
  4 flayed ghosts
  11 deep elf pyromancers
  7 lindwurms
  6 deep elf archers
  16 ironbound convokers
  6 deep elf zephyrmancers
  2 orc knights
  5 harpies
  7 phantasmal warriors
  4 necromancers
  20 ugly things
  A mana viper (Snake:3)
  A cyclops (D:12)
  3 large abominations
  2 orc sorcerers
  A shining eye (Slime:4)
  2 will-o-the-wisps
  A manticore (shapeshifter) (Vaults:5)
  24 moths of wrath
  A wolf spider (shapeshifter) (Vaults:5)
  Maurice (D:8)
  2 salamanders
  4 black mambas
  An eleionoma skeleton (Crypt:3)
  3 eyes of devastation
  A demonic crawler (WizLab)
  2 naga magi
  3 smoke demons (Hell)
  A molten gargoyle (Desolation)
  Joseph (D:8)
  2 titan simulacra
  7 vault sentinels
  2 cane toads
  A rime drake (shapeshifter) (D:10)
  3 guardian serpents
  19 yaktaurs
  A dire elephant skeleton (Crypt:3)
  2 rime drakes
  2 unseen horrors (Abyss:4)
  10 freezing wraiths
  A kobold demonologist (D:12)
  A demonspawn skeleton (WizLab)
  3 sea snake zombies
  4 efreet
  3 golden dragon simulacra
  12 guardian mummies
  3 tengu conjurers
  3 komodo dragons
  A yaktaur (shapeshifter) (Vaults:5)
  An unseen horror skeleton (Crypt:2)
  An alligator snapping turtle skeleton (Tomb:1)
  An anaconda simulacrum (IceCv)
  5 trolls
  An ice devil (WizLab)
  A purple draconian skeleton (Crypt:1)
  2 red devils
  A merfolk (shapeshifter) (Vaults:5)
  A sea snake skeleton (Hell)
  3 ancient zymes
  3 hydra zombies (Hell)
  A culicivora zombie (Crypt:3)
  A polar bear (shapeshifter) (D:13)
  4 hornets (Lair:5)
  2 tyrant leeches
  52 saltlings (Desolation)
  16 blink frogs
  An alligator zombie (Hell)
  An ettin zombie (Crypt:1)
  A fire dragon zombie (Crypt:3)
  14 flying skulls
  2 satyr skeletons (Crypt:2)
  74 slime creatures
  3 vampires (Crypt:3)
  2 air elementals
  A water elemental (Elf:3)
  2 wyverns
  4 ynoxinuls
  A starcursed mass (Abyss:4)
  10 wraiths
  4 golden eyes
  3 neqoxecs
  2 black mamba skeletons (Crypt:1)
  4 yaks
  A basilisk (Lair:1)
  A sea snake simulacrum (Hell)
  2 elf skeletons
  3 redbacks (Vaults:2)
  A steam dragon (D:8)
  6 vampire mosquitoes
  A harpy simulacrum (IceCv)
  A merfolk zombie (Crypt:2)
  2 minotaur simulacra (IceCv)
  3 swamp worms
  A glowing shapeshifter zombie (Crypt:1)
  A warg (shapeshifter) (D:10)
  4 nagas
  4 spatial vortices (WizLab)
  3 water moccasins
  An acid dragon (D:13)
  3 small abominations
  A hydra simulacrum (Hell)
  A moth of wrath simulacrum (Zot:3)
  5 nameless horrors
  A floating eye (shapeshifter) (Depths:3)
  A fire bat skeleton (Crypt:3)
  A hell hound (WizLab)
  3 swamp drakes
  A snapping turtle zombie (Crypt:3)
  An orc warrior (Vaults:5)
  A sky beast (D:7)
  A black bear (shapeshifter) (Depths:3)
  2 ogres
  An ettin simulacrum (Vaults:3)
  A swamp dragon zombie (Crypt:1)
  A boggart (Elf:1)
  3 centaurs
  A snapping turtle skeleton (Crypt:3)
  4 kobold brigands (Bailey)
  A phantom (D:5)
  3 bullfrogs
  2 gnoll sergeants
  4 necrophages
  3 earth elementals
  A naga simulacrum (Crypt:1)
  3 scorpions
  5 wights
  2 spriggan zombies
  4 killer bees
  6 electric eels
  A shapeshifter skeleton (Crypt:2)
  A crimson imp (D:5)
  A howler monkey (D:9)
  A centaur zombie (Crypt:1)
  2 hounds
  A black bear zombie (Crypt:3)
  3 orc priests
  A bullfrog skeleton (Crypt:3)
  An iron imp (Abyss:3)
  2 orc wizards
  Terence (D:2)
  A naga zombie (Crypt:3)
  10 mummies (Tomb:1)
  4 gnolls (D:4)
  3 adders (D:6)
  A white imp (Abyss:3)
  An ufetubus (D:5)
  9 orcs
  3 ball pythons
  6 bats
  A bat zombie (Crypt:2)
  An endoplasm (D:1)
  3 giant cockroaches
  3 goblins
  2 hobgoblins
  A jackal (D:1)
  5 kobolds
  A ball python skeleton (Crypt:1)
  A ball python zombie (Crypt:2)
  A quokka skeleton (Crypt:3)
  3 rats (D:1)
  2 fire vortices (Hell)
1481 creatures vanquished.

Vanquished Creatures (collateral kills)
  Tiamat (Zot:2)
  4 dread liches (Zot:5)
  Mara (Depths:1)
  2 ancient liches (Zot:5)
  A juggernaut (Depths:3)
  Josephina (Zot:2)
  5 Killer Klowns (Zot:5)
  Xtahua (Vaults:4)
  A golden dragon (Depths:4)
  the Enchantress (Depths:3)
  An electric golem (Zot:5)
  A walking crystal tome (Depths:2)
  A hellephant (Hell)
  3 Orb Guardians
  Jorgrun (Orc:2)
  6 tentacled monstrosities
  A shard shrike skeleton (Crypt:3)
  2 deep elf blademasters
  2 liches (Depths:3)
  A quicksilver dragon (Vaults:5)
  An acid blob (Slime:5)
  2 eldritch tentacles
  A sphinx (Tomb:1)
  3 ancient champions (Crypt:3)
  A storm dragon (Zot:1)
  A thorn hunter (Swamp:3)
  A tengu reaver (Depths:2)
  Kirke (Swamp:1)
  3 death cobs
  A rockslime (Slime:5)
  A draconian monk (Zot:5)
  A revenant (Crypt:2)
  A draconian knight (Zot:4)
  9 nagarajas (Snake:4)
  3 fire giants
  2 frost giants
  A draconian scorcher (Zot:1)
  3 vault wardens
  2 juggernaut zombies
  2 deep elf elementalists
  3 draconian shifters
  Aizul (Snake:2)
  4 deep elf sorcerers
  12 ghouls
  4 spriggan defenders
  4 ironbound preservers
  2 war gargoyles
  4 draconian annihilators
  4 reapers (IceCv)
  14 very ugly things
  A quicksilver ooze (Slime:5)
  The ghost of Jiecrehi the Severer, a journeyman DDFi of Makhleb (D:15)
  3 vampire knights
  5 green draconians
  3 stone giants
  3 deep elf demonologists
  An ironbound thunderhulk (Vaults:3)
  An eleionoma (Swamp:1)
  2 bunyips (Swamp:2)
  5 deep elf annihilators
  6 black draconians
  The ghost of wingedge the Reanimator, a journeyman DgWn (Lair:5)
  2 white draconians
  11 yellow draconians
  A minotaur (Gauntlet)
  A spark wasp (Depths:4)
  4 red draconians
  A mummy priest (Crypt:2)
  2 crystal guardians
  7 purple draconians
  3 ettins
  4 yaktaur captains
  A merfolk impaler (Depths:4)
  3 ragged hierophants (Desolation)
  4 fire dragons
  A merfolk javelineer (Depths:1)
  5 jiangshi
  3 deep elf high priests (Elf:3)
  The ghost of TheDoctor the Fighter, a journeyman DrBe of Trog (D:11)
  Harold (Orc:1)
  2 peacekeepers
  4 servants of whispers (Desolation)
  22 hydras
  2 ice dragons
  4 rakshasas
  3 salamander tyrants
  3 spriggan air magi (Depths:3)
  6 anacondas
  2 vault guards (Vaults:5)
  2 ghost crabs
  2 catoblepae (Gauntlet)
  6 centaur warriors
  4 ogre magi (Orc:2)
  An ironbound frostheart (Vaults:3)
  3 death knights
  3 boulder beetles
  19 two-headed ogres
  A death scarab (Tomb:1)
  8 alligators
  30 dancing weapons
  11 death yaks
  A deep troll earth mage (Depths:3)
  12 naga sharpshooters
  3 deep troll shamans
  4 tengu warriors
  15 naga warriors
  2 thrashing horrors (WizLab)
  3 vampire magi
  The ghost of erynZofia the Thaumaturge, a journeyman DEVM of Vehumet (D:10)
  11 deep elf knights
  6 hell knights
  3 shock serpents
  3 spriggan berserkers
  A soul eater (Depths:2)
  A skyshark (Lair:5)
  13 spriggans
  3 iron trolls
  A fire crab (Volcano)
  A sixfirhy (D:11)
  7 salamander mystics
  9 skeletal warriors
  15 deep trolls
  2 goliath frogs (Swamp:2)
  2 spriggan druids
  3 flayed ghosts
  A quicksilver dragon simulacrum (Depths:2)
  6 naga ritualists
  13 swamp dragons
  10 deep elf archers
  A death drake (shapeshifter) (Elf:2)
  3 phantasmal warriors
  3 lindwurms
  3 spriggan simulacra (IceCv)
  4 ironbound convokers
  13 bog bodies
  16 deep elf pyromancers
  3 necromancers
  6 orc knights
  16 ugly things
  3 wizards
  21 deep elf zephyrmancers
  A fire giant zombie (Crypt:2)
  4 harpies
  8 mana vipers
  2 orc sorcerers
  5 cyclopes
  20 salamanders
  2 will-o-the-wisps (Swamp:4)
  An elephant (Lair:3)
  6 moths of wrath
  A rust devil (Depths:2)
  A vault sentinel (Vaults:3)
  8 naga magi
  30 black mambas
  6 torpor snails (Lair:5)
  2 gargoyles (Gauntlet)
  4 guardian serpents
  2 molten gargoyles (Gauntlet)
  An orange demon (Depths:2)
  A centaur skeleton (Crypt:2)
  A minotaur zombie (Gauntlet)
  A smoke demon (Depths:2)
  A hellion (Depths:2)
  A red draconian zombie (Crypt:1)
  2 rime drakes
  3 cane toads (Lair:3)
  13 freezing wraiths
  4 nameless horrors
  3 kobold demonologists
  10 yaktaurs
  2 efreet
  5 komodo dragons
  A yaktaur (shapeshifter) (D:10)
  A guardian mummy (D:15)
  An ice devil (IceCv)
  2 hellwings
  2 bloated husks
  A polar bear (shapeshifter) (D:13)
  13 hornets
  7 trolls
  8 tyrant leeches
  13 blink frogs
  7 dream sheep (Lair:5)
  17 saltlings (Desolation)
  3 air elementals
  5 slime creatures (D:15)
  6 flying skulls
  Sigmund (D:2)
  4 water elementals
  A spriggan skeleton (D:15)
  A dire elephant simulacrum (IceCv)
  4 wyverns
  A vampire (Crypt:3)
  2 fire elementals
  A fire bat (shapeshifter) (Depths:4)
  6 wraiths
  23 yaks
  4 basilisks
  13 vampire mosquitoes
  2 fire bats (Volcano)
  4 hogs (Swamp:1)
  A minotaur simulacrum (IceCv)
  4 steam dragons
  A chaos spawn (Depths:2)
  3 neqoxecs
  A steam dragon (shapeshifter) (D:10)
  8 swamp worms
  A spatial vortex (WizLab)
  3 hell hounds (Volcano)
  25 nagas
  4 water moccasins
  A floating eye (Depths:2)
  A hydra simulacrum (IceCv)
  2 acid dragons (Lair:5)
  21 orc warriors
  15 swamp drakes
  An alligator simulacrum (IceCv)
  30 ogres
  15 centaurs
  A boggart (Vaults:2)
  5 wolves
  A phantom (D:5)
  7 kobold brigands
  A gnoll sergeant (D:7)
  4 bullfrogs
  2 necrophages
  4 deep troll simulacra (IceCv)
  2 scorpions
  2 earth elementals
  9 wights
  2 killer bees (D:11)
  4 howler monkeys
  4 electric eels (D:12)
  A hound (D:3)
  8 orc priests
  3 jellies
  2 iguanas (D:5)
  Ijyb (D:3)
  29 orc wizards
  4 adders
  13 gnolls
  A white imp (D:7)
  An ufetubus (D:5)
  3 worms
  52 orcs
  A bat (D:2)
  7 endoplasms
  2 giant cockroaches
  4 goblins
  A hobgoblin (shapeshifter) (D:10)
  3 hobgoblins
  4 jackals
  3 quokkas
  8 ball pythons
  2 frilled lizards (D:3)
  22 kobolds
  6 rats
1269 creatures vanquished.

Vanquished Creatures (others)
  2 golden dragons
  A quicksilver dragon (Vaults:5)
  22 eldritch tentacles
  A fenstrider witch (Swamp:4)
  A reaper (Gauntlet)
  A rakshasa (Depths:2)
  An anaconda (Lair:3)
  An ironbound frostheart (Vaults:1)
  A dancing weapon (Elf:2)
  An alligator (Swamp:3)
  A deep troll earth mage (Depths:4)
  A naga sharpshooter (Snake:3)
  A deep elf knight (Elf:1)
  2 goliath frogs
  A wizard (Elf:1)
  A deep elf zephyrmancer (Elf:2)
  A guardian serpent (Snake:4)
  A black mamba (Lair:3)
  A nameless horror (Swamp:1)
  A komodo dragon (Lair:1)
  A troll (D:10)
  A bloated husk (Swamp:2)
  A hornet (Lair:5)
  An ettin zombie (D:15)
  2 vampire mosquitoes (D:10)
  A warg (D:15)
  A naga (Snake:1)
  A glowing shapeshifter skeleton (D:15)
  3 orc warriors
  An ice beast (D:7)
  A black bear (D:7)
  A kobold brigand (Bailey)
  11 wights
  4 orcs
  17 foxfires
  54 snaplasher vines
  71 spectral weapons
  4 starspawn tentacles
219 creatures vanquished.

Grand Total: 2969 creatures vanquished

Notes
Turn   | Place    | Note
-------+----------+-------------------------------------------
     0 | D:1      | cdecastro the Merfolk Summoner began the quest for the Orb.
     0 | D:1      | Reached XP level 1. HP: 13/13 MP: 3/3
   270 | D:1      | Reached XP level 2. HP: 17/19 MP: 3/5
   356 | D:1      | Found a faded altar of an unknown god.
   900 | D:1      | Reached XP level 3. HP: 23/24 MP: 3/6
   999 | D:1      | Reached skill level 5 in Summonings
  1380 | D:1      | Prayed at the altar of an unknown god.
  1380 | D:1      | Became a worshipper of Uskayaw the Reveller
  1380 | D:1      | Reached * piety under Uskayaw
  1395 | D:1      | Learned a level 2 spell: Call Imp
  1399 | D:1      | Learned a level 3 spell: Call Canine Familiar
  1533 | D:2      | Reached ** piety under Uskayaw
  1581 | D:2      | Reached XP level 4. HP: 30/30 MP: 3/7
  1631 | D:2      | Noticed Sigmund
  2078 | D:2      | Noticed Terence
  2426 | D:3      | Reached XP level 5. HP: 35/35 MP: 8/8
  2670 | D:3      | Noticed Ijyb
  2694 | D:3      | Killed Ijyb
  3554 | D:3      | Reached XP level 6. HP: 37/41 MP: 6/9
  4237 | D:4      | Reached XP level 7. HP: 15/46 MP: 3/10
  4245 | D:4      | Learned a level 3 spell: Summon Guardian Golem
  4494 | D:5      | Entered Level 5 of the Dungeon
  4556 | D:5      | Found Moasial's Fire Supplies.
  4557 | D:5      | Found a transporter.
  5045 | D:5      | Found a transporter.
  5218 | D:5      | Reached XP level 8. HP: 45/52 MP: 11/11
  5360 | D:5      | Reached skill level 10 in Summonings
  5592 | D:5      | Found a shimmering altar of Xom.
  5592 | D:5      | Found a burning altar of Makhleb.
  6233 | D:2      | Killed Terence
  6299 | D:2      | Killed Sigmund
  6536 | D:6      | Found an ornate altar of the Wu Jian Council.
  6605 | D:6      | Found an ancient bone altar of Kikubaaqudgha.
  7173 | D:6      | Reached XP level 9. HP: 42/57 MP: 12/12
  7858 | D:7      | Found a white marble altar of Elyvilon.
  7881 | D:7      | Reached skill level 1 in Fighting
  8150 | D:7      | Found a flagged portal.
  8188 | Bailey   | Entered a bailey
  8834 | Bailey   | Found a bloodstained altar of Trog.
  8849 | Bailey   | Identified the +4 sling "Cushri" {drain, *Corrode Fly rC+++
                  | Will+}
  8904 | D:7      | Found a staircase to the Ecumenical Temple.
  8911 | Temple   | Entered the Ecumenical Temple
  9346 | D:7      | Reached skill level 5 in Fighting
  9346 | D:7      | Reached XP level 10. HP: 74/74 MP: 7/13
  9503 | D:7      | Reached skill level 5 in Stealth
  9866 | D:7      | Found a shadowy altar of Dithmenos.
 10049 | D:7      | Found a shimmering blue altar of Sif Muna.
 10062 | D:7      | Found an iron altar of Okawaru.
 10456 | D:8      | Noticed Joseph
 10761 | D:7      | Learned a level 4 spell: Summon Lightning Spire
 10769 | D:8      | Found a sacrificial altar of Ru.
 10772 | D:8      | Found a glowing golden altar of the Shining One.
 10885 | D:8      | Noticed Maurice
 11060 | D:8      | Killed Maurice
 11187 | D:8      | Killed Joseph
 11334 | D:8      | Found a broken altar of Ashenzari.
 12020 | D:9      | Reached XP level 11. HP: 62/89 MP: 5/14
 12217 | D:9      | Reached skill level 10 in Fighting
 12876 | D:9      | Noticed a two-headed ogre
 12885 | D:9      | Killed a two-headed ogre
 13054 | D:10     | Entered Level 10 of the Dungeon
 13066 | D:10     | Found a bloodstained altar of Trog.
 13624 | D:10     | Noticed a two-headed ogre
 13634 | D:10     | Killed a two-headed ogre
 14060 | D:10     | Found a blossoming altar of Fedhas.
 14231 | D:10     | Found a staircase to the Lair.
 14481 | D:10     | Found a runed translucent gate.
 14481 | D:10     | Found a runed translucent gate.
 14481 | D:10     | Found a runed translucent gate.
 14482 | D:10     | Noticed a glowing orange brain
 14482 | D:10     | Noticed a red ugly thing
 14483 | D:10     | Noticed a purple ugly thing
 14483 | D:10     | Noticed a purple ugly thing
 14484 | D:10     | Noticed a brown ugly thing
 14484 | D:10     | Noticed a white ugly thing
 14961 | D:11     | Noticed an orc warlord
 15102 | D:11     | Noticed TheDoctor's ghost (journeyman DrBe)
 15105 | D:11     | Noticed a cyan ugly thing
 15106 | D:11     | Found a runed translucent gate.
 15106 | D:11     | Noticed a boulder beetle
 15107 | D:11     | Found a runed translucent gate.
 15107 | D:11     | Found a runed translucent gate.
 15383 | D:11     | Noticed a boulder beetle
 15443 | Lair:1   | Entered Level 1 of the Lair of Beasts
 16640 | Lair:1   | Reached XP level 12. HP: 100/100 MP: 15/15
 16795 | Lair:1   | Reached skill level 15 in Summonings
 16971 | Lair:1   | Reached skill level 1 in Invocations
 17119 | Lair:2   | Noticed a death yak
 17119 | Lair:2   | Noticed a death yak
 17119 | Lair:2   | Noticed a death yak
 17121 | Lair:2   | Noticed a death yak
 17123 | Lair:2   | Noticed a death yak
 17123 | Lair:2   | Noticed a death yak
 17279 | Lair:2   | Learned a level 6 spell: Summon Cactus Giant
 17497 | Lair:2   | Killed a death yak
 17506 | Lair:2   | Killed a death yak
 17507 | Lair:2   | Reached skill level 5 in Spellcasting
 17507 | Lair:2   | Killed a death yak
 17520 | Lair:2   | Killed a death yak
 17582 | Lair:2   | Killed a death yak
 17589 | Lair:2   | Killed a death yak
 18129 | Lair:3   | Found a gate leading to a gauntlet.
 18144 | Gauntlet | Entered a Gauntlet
 18144 | Gauntlet | Noticed a catoblepas
 18144 | Gauntlet | Found the +0 pair of fencer's gloves {Riposte Dex+3}
 18144 | Gauntlet | Found a transporter.
 18144 | Gauntlet | Found a transporter.
 18144 | Gauntlet | Found a transporter.
 18145 | Gauntlet | Found a transporter.
 18148 | Gauntlet | Found a transporter.
 18148 | Gauntlet | Found a transporter.
 18158 | Gauntlet | Found a transporter.
 18160 | Gauntlet | Noticed a reaper
 18162 | Gauntlet | Found a transporter.
 18172 | Gauntlet | Found a transporter.
 18175 | Gauntlet | Noticed a catoblepas
 18279 | Gauntlet | Found a transporter.
 18280 | Gauntlet | Found a transporter.
 18291 | Gauntlet | Found a transporter.
 18479 | Gauntlet | Killed a catoblepas
 18613 | Gauntlet | Killed a reaper
 18754 | Gauntlet | Learned a level 5 spell: Summon Forest
 18807 | Gauntlet | Killed a catoblepas
 19034 | Gauntlet | Learned a level 5 spell: Summon Mana Viper
 19076 | Gauntlet | Identified the ring "Ataumpex" {+Blink rC+ Will- Str-4
                  | Stlth+}
 19076 | Gauntlet | Noticed a minotaur
 19094 | Gauntlet | Killed a minotaur
 19095 | Gauntlet | Reached XP level 13. HP: 76/106 MP: 11/26
 19353 | Lair:3   | Reached *** piety under Uskayaw
 19761 | Lair:3   | Found a staircase to the Swamp.
 19832 | Lair:3   | Found a staircase to the Snake Pit.
 19848 | Lair:3   | Reached skill level 5 in Dodging
 20864 | Lair:3   | Identified the +7 falchion "Elacelir" {heavy, rCorr Str+2
                  | Int-5 Dex+2 Stlth+}
 21278 | Lair:4   | You fall into a shaft and drop 1 floor!
 21278 | Lair:5   | Entered Level 5 of the Lair of Beasts
 22026 | Lair:4   | Reached XP level 14. HP: 85/113 MP: 16/27
 22117 | Lair:5   | Found a runed translucent door.
 22278 | Lair:5   | Paralysed by a hornet for 1 turns
 22507 | Lair:5   | Found a large runed translucent door.
 22508 | Lair:5   | Found a large runed translucent door.
 22522 | Lair:5   | Noticed wingedge's ghost (journeyman DgWn)
 22543 | Lair:5   | Reached skill level 10 in Dodging
 22987 | Lair:5   | Found a staircase to the Slime Pits.
 22988 | Lair:5   | Found a viscous altar of Jiyva.
 25448 | D:12     | Found a staircase to the Orcish Mines.
 25694 | D:12     | Reached skill level 10 in Spellcasting
 26362 | D:12     | Reached skill level 10 in Stealth
 27654 | D:13     | Reached XP level 15. HP: 93/118 MP: 21/29
 27861 | D:13     | Found a gate to the Vaults.
 27885 | D:13     | Learned a level 7 spell: Monstrous Menagerie
 28001 | D:13     | Found Seoxo's Armour Boutique.
 28909 | D:14     | Found Beitin's General Store.
 29404 | D:15     | Entered Level 15 of the Dungeon
 29416 | D:15     | Found a white marble altar of Elyvilon.
 29951 | D:15     | Reached skill level 5 in Invocations
 30095 | D:15     | Found a staircase to the Depths.
 30573 | D:15     | Found a runed translucent door.
 30574 | D:15     | Noticed Jiecrehi's ghost (journeyman DDFi)
 31083 | D:15     | Killed Jiecrehi's ghost
 31484 | Snake:1  | Entered Level 1 of the Snake Pit
 31855 | Snake:1  | Reached skill level 1 in Long Blades
 32934 | Snake:2  | Reached skill level 1 in Evocations
 33643 | Snake:2  | Reached skill level 5 in Long Blades
 33783 | Snake:2  | Reached XP level 16. HP: 55/125 MP: 18/31
 34053 | Snake:2  | Noticed Aizul
 34707 | Snake:2  | Identified the +7 chain mail of the Desolation of Salt
                  | {-Tele rPois rCorr Int-2}
 34719 | Snake:2  | Killed Aizul
 35339 | Snake:3  | Got the Codex of Fluctuating Jinxing
 35864 | Snake:3  | Identified the ring of the Mantidfly {rN+ MP+9 Int+5
                  | Stlth+}
 35875 | Snake:3  | Reached skill level 15 in Dodging
 36900 | Snake:4  | Entered Level 4 of the Snake Pit
 37335 | Orc:1    | Entered Level 1 of the Orcish Mines
 37608 | Orc:1    | Found a dark tunnel.
 37617 | Orc:1    | Noticed Harold
 37620 | Volcano  | Entered a volcano
 38142 | Orc:1    | Killed Harold
 38558 | Orc:2    | Entered Level 2 of the Orcish Mines
 38883 | Orc:1    | Reached skill level 5 in Evocations
 39261 | Orc:2    | Found Coiqosk's Vocational Training.
 39295 | Orc:2    | Found a staircase to the Elven Halls.
 39521 | Orc:2    | Reached XP level 17. HP: 131/131 MP: 21/32
 40230 | Orc:2    | Found Pethoud's General Store.
 40230 | Orc:2    | Found Idueg's Weapon Emporium.
 40231 | Orc:2    | Found Buinuica's Antique Weapon Shoppe.
 40231 | Orc:2    | Found Inlell's Antique Weapon Boutique.
 40508 | Orc:2    | Bought a slimy dagger for 217 gold pieces
 40508 | Orc:2    | Identified the +7 dagger of Ambiguity {heavy, rCorr} (You
                  | bought it in a shop on level 2 of the Orcish Mines)
 40739 | Swamp:1  | Entered Level 1 of the Swamp
 40739 | Swamp:1  | Found a shimmering altar of Xom.
 41416 | Swamp:1  | Noticed Kirke
 41428 | Swamp:1  | Killed Kirke
 43373 | Swamp:2  | Reached skill level 10 in Long Blades
 45276 | Swamp:4  | Entered Level 4 of the Swamp
 45284 | Swamp:4  | Reached XP level 18. HP: 48/138 MP: 11/33
 46029 | Swamp:4  | Found a frozen archway.
 46037 | IceCv    | Entered an ice cave
 47527 | IceCv    | Identified the ring "Gadipot" {Ice SInv}
 47824 | IceCv    | Identified the +1 pair of gloves "Feegizan" {rN+ Int+3}
 49600 | Swamp:4  | Got a decaying rune of Zot
 49859 | Swamp:4  | Identified the +5 short sword of Pyschot {flame, Drain rN++
                  | Str+2 Dex+4}
 51287 | Snake:4  | Reached XP level 19. HP: 143/143 MP: 34/34
 51826 | Snake:4  | Reached skill level 15 in Stealth
 52535 | Snake:4  | Got a serpentine rune of Zot
 53307 | Lair:5   | Killed wingedge's ghost
 53587 | D:11     | Killed TheDoctor's ghost
 53807 | D:10     | Found a runed translucent gate.
 53807 | D:10     | Found a runed translucent gate.
 53808 | D:10     | Noticed erynZofia's ghost (journeyman DEVM)
 53812 | D:10     | Found a runed translucent gate.
 53816 | D:10     | Reached XP level 20. HP: 152/152 MP: 22/35
 54036 | Elf:1    | Entered Level 1 of the Elven Halls
 54036 | Elf:1    | Noticed Jorgrun
 54047 | Orc:2    | Killed Jorgrun
 54133 | Elf:1    | Reached skill level 15 in Long Blades
 54956 | Elf:1    | Identified the +2 great sword of Equilibrium {holy,
                  | *Corrode Str+2 Int+4}
 55947 | Elf:2    | Paralysed by an air elemental for 1 turns
 55956 | Elf:1    | Paralysed by an air elemental for 1 turns
 56161 | Elf:2    | Found a huge runed translucent gate.
 56161 | Elf:2    | Found a huge runed translucent gate.
 56163 | Elf:2    | Found a huge runed translucent gate.
 56164 | Elf:2    | Found a huge runed translucent gate.
 56165 | Elf:2    | Found a huge runed translucent gate.
 56192 | Elf:2    | Paralysed by an air elemental for 1 turns
 56408 | Elf:2    | Reached XP level 21. HP: 164/164 MP: 36/36
 56461 | Elf:2    | Paralysed by an air elemental for 1 turns
 57250 | Elf:2    | Found Ohorylem's Armour Shop.
 57258 | Elf:2    | Bought a +1 helmet of intelligence for 280 gold pieces
 57478 | Elf:2    | Found a runed translucent gate.
 57479 | Elf:2    | Found a runed translucent gate.
 57596 | Elf:2    | Found a runed translucent gate.
 57943 | Elf:2    | Reached skill level 15 in Fighting
 59286 | Depths:1 | Entered Level 1 of the Depths
 59633 | Depths:1 | Found a hide-covered altar of Uskayaw.
 59923 | Depths:1 | Found a gateway to Hell.
 60642 | Depths:1 | Noticed Mara
 60662 | Depths:1 | Killed Mara
 60825 | Depths:1 | Reached **** piety under Uskayaw
 61051 | Depths:2 | Reached skill level 1 in Shields
 61581 | Depths:2 | Found a one-way gateway to a ziggurat.
 61581 | Depths:2 | Noticed an ancient lich
 62207 | Depths:2 | Reached skill level 5 in Shields
 63428 | Depths:2 | Paralysed by a floating eye for 4 turns
 63468 | Depths:2 | Reached XP level 22. HP: 172/184 MP: 18/37
 63624 | Depths:2 | Found a one-way gate leading to the halls of Pandemonium.
 64597 | Depths:3 | Noticed Parghit
 64686 | Depths:3 | Killed Parghit
 64819 | Depths:3 | Found a one-way gate to the infinite horrors of the Abyss.
 64886 | Depths:3 | Found a sacrificial altar of Ru.
 64971 | Depths:3 | Noticed the Enchantress
 65191 | Depths:3 | Killed the Enchantress
 66096 | Depths:3 | Reached ***** piety under Uskayaw
 66891 | Depths:3 | Noticed a juggernaut
 66915 | Depths:3 | Identified the ring "Danoeq" {rN+ Will+ Dex+2}
 67207 | Depths:3 | Killed a juggernaut
 67489 | Depths:3 | Reached skill level 10 in Shields
 68125 | Depths:4 | Entered Level 4 of the Depths
 68132 | Depths:4 | Noticed a juggernaut
 68871 | Depths:4 | Killed a juggernaut
 69150 | Orc:2    | Bought a manual of Evocations for 800 gold pieces
 69150 | Orc:2    | Bought a manual of Invocations for 800 gold pieces
 69932 | Depths:4 | Reached XP level 23. HP: 196/196 MP: 27/38
 70106 | Depths:4 | Reached skill level 10 in Invocations
 70254 | Depths:4 | Noticed a golden dragon
 70286 | Depths:4 | Killed a golden dragon
 70732 | Depths:4 | Noticed a golden dragon
 70753 | Depths:4 | Killed a golden dragon
 71053 | Depths:4 | Found a gate to the Realm of Zot.
 71235 | Vaults:1 | Entered Level 1 of the Vaults
 71854 | Abyss:3  | Cast into level 3 of the Abyss (a wizard)
 72060 | Abyss:4  | Found a corrupted altar of Lugonu.
 72062 | Abyss:4  | Found a blossoming altar of Fedhas.
 72062 | Abyss:4  | Found a blossoming altar of Fedhas.
 72062 | Abyss:4  | Found a corrupted altar of Lugonu.
 72062 | Abyss:4  | Found a blossoming altar of Fedhas.
 72062 | Abyss:4  | Found a corrupted altar of Lugonu.
 72107 | Vaults:1 | Escaped the Abyss
 73404 | Vaults:2 | Reached skill level 15 in Invocations
 74238 | Vaults:2 | Reached skill level 10 in Evocations
 74896 | Vaults:2 | Reached XP level 24. HP: 84/204 MP: 36/38
 76135 | Vaults:3 | Found a staircase to the Crypt.
 76686 | Vaults:3 | Identified the +4 chain mail "Zuoddejo" {Will+ Str-5 Dex+3}
 77278 | Vaults:3 | Reached ****** piety under Uskayaw
 77307 | Vaults:3 | Reached skill level 15 in Evocations
 78262 | Vaults:3 | Identified a scroll of acquirement
 78298 | Vaults:4 | Found a crumbling gateway.
 78309 | Desolati | Entered the Desolation of Salt
 79016 | Desolati | Identified the +4 battleaxe of the New World {flame, rF+
                  | Will+ Dex+3}
 79561 | Desolati | Got Sif Muna's Encyclopedia of the Geological Whammy
 80039 | Desolati | Reached XP level 25. HP: 210/210 MP: 19/38
 80092 | Desolati | Identified the ring of Tempters {rN+ Str+3 Dex+6}
 80093 | Desolati | Identified the ring "Kela" {rC+ rCorr}
 80431 | Desolati | Identified the +2 robe "Eroaq Yno" {rN+}
 80750 | Vaults:4 | Noticed Margery
 80761 | Vaults:4 | Killed Margery
 80967 | Vaults:4 | Noticed Xtahua
 80976 | Vaults:4 | Killed Xtahua
 81083 | Vaults:4 | Identified the +11 glaive "Abeerid" {freeze, Will+ Int+6}
 81262 | Vaults:4 | Noticed Bai Suzhen
 81270 | Vaults:4 | Killed Bai Suzhen
 82996 | Elf:3    | Entered Level 3 of the Elven Halls
 83194 | Elf:3    | Found a magical portal.
 83246 | WizLab   | Entered The Roulette of Golubria
 83246 | WizLab   | Found a transporter.
 83266 | WizLab   | Found the +1 cloak of Starlight {*Dazzle EV+4 Stlth--}
 83266 | WizLab   | Found a corrupted altar of Lugonu.
 83346 | WizLab   | Found a transporter.
 83370 | WizLab   | Found a corrupted altar of Lugonu.
 83391 | WizLab   | Found a transporter.
 83409 | WizLab   | Found a transporter.
 83478 | WizLab   | Found a transporter.
 83550 | WizLab   | Found a transporter.
 83617 | WizLab   | Found a transporter.
 83618 | WizLab   | Found a transporter.
 83669 | WizLab   | Found a transporter.
 83724 | WizLab   | Found a transporter.
 83766 | WizLab   | Found a transporter.
 83919 | WizLab   | Found a transporter.
 83919 | WizLab   | Found a transporter.
 83924 | WizLab   | Found a corrupted altar of Lugonu.
 83958 | WizLab   | Found a transporter.
 84027 | WizLab   | Found a transporter.
 84027 | WizLab   | Found a transporter.
 84113 | WizLab   | Found a transporter.
 84153 | WizLab   | Identified the +0 cloak of Hepliaklqana's Fury {rPois Will-
                  | Dex+6}
 84227 | WizLab   | Found a transporter.
 84261 | WizLab   | Found a transporter.
 84261 | WizLab   | Found a transporter.
 84329 | WizLab   | Got Golubria's Discourse on the Door
 85173 | Elf:3    | Identified the ring "Adweahou" {Fly Dex+5}
 85282 | Elf:3    | Identified the +10 bardiche of Eternal Vigilance {holy, rN+
                  | Str-5 Dex+5}
 85282 | Elf:3    | Identified the ring "Puydgh" {rF+ rC+ Will- rCorr}
 86524 | Elf:3    | Identified the staff of conjuration "Xetawk" {Fly rC+ Will+
                  | Dex+3}
 86527 | Elf:3    | Got Melod's Elucidation of the Deep Freeze
 86554 | Elf:3    | Got the Dissertation on Arenous Rime
 87047 | Crypt:1  | Entered Level 1 of the Crypt
 87077 | Crypt:1  | Noticed Sojobo
 87217 | Vaults:3 | Killed Sojobo
 87775 | Crypt:1  | Reached XP level 26. HP: 206/218 MP: 38/38
 87974 | Crypt:1  | Paralysed by something for 4 turns
 90300 | Crypt:2  | Got the Anthology of Sinister Deeds
 90352 | Crypt:3  | Entered Level 3 of the Crypt
 90597 | Crypt:3  | Reached skill level 1 in Translocations
 90846 | Crypt:3  | Reached skill level 5 in Translocations
 90854 | Crypt:3  | Learned a level 7 spell: Malign Gateway
 91317 | Crypt:3  | Noticed Zenata
 91330 | Crypt:3  | Killed Zenata
 91670 | Crypt:3  | Found a staircase to the Tomb.
 92136 | Crypt:3  | Reached skill level 10 in Translocations
 92266 | Crypt:3  | Found a basalt altar of Yredelemnul.
 92266 | Crypt:3  | Noticed an ancient lich
 92289 | Crypt:3  | Killed an ancient lich
 92290 | Crypt:3  | Noticed a royal mummy
 92302 | Crypt:3  | Killed a royal mummy
 92407 | Crypt:3  | Found an ancient bone altar of Kikubaaqudgha.
 92423 | Crypt:3  | Found the +8 lance "Wyrmbane" {slay drac, rPois rF+ rC+
                  | AC+3}
 92433 | Crypt:3  | Identified the staff of cold "Ochag" {rC+ Int+4 SInv}
 92469 | Crypt:3  | Got the Lessons on the Shifting Bonfire
 92474 | Crypt:3  | Identified the +3 hand axe "Qitaet" {freeze, rN++ rCorr
                  | Str-3 Stlth+}
 93032 | Vaults:5 | Entered Level 5 of the Vaults
 93539 | Vaults:5 | Noticed a dread lich
 93556 | Vaults:5 | Killed a dread lich
 93615 | Vaults:5 | Noticed Jory
 93879 | Vaults:5 | Reached XP level 27. HP: 224/224 MP: 38/38
 94034 | Vaults:5 | Noticed a dread lich
 94076 | Vaults:5 | Killed a dread lich
 94180 | Vaults:5 | Identified the ring "Nocih" {Wiz +Blink rN+++ Str-4 Dex-4}
 95043 | Vaults:5 | Got a silver rune of Zot
 95426 | Vaults:5 | Identified the +7 hand axe of Watchfulness {holy, rF+ rC+}
 95756 | Vaults:5 | Learned a level 8 spell: Summon Horrible Things
 96203 | Vaults:5 | Killed Jory
 96296 | Vaults:5 | Noticed a dread lich
 96308 | Vaults:5 | Killed a dread lich
 97730 | Tomb:1   | Entered Level 1 of the Tomb of the Ancients
 98180 | Tomb:1   | Identified the +4 robe of the Spheres {rF+}
 99161 | Tomb:1   | Noticed a royal mummy
100592 | D:15     | Acquired 995 gold pieces
100728 | Zot:1    | Entered Level 1 of the Realm of Zot
102235 | Zot:1    | Noticed an orb of fire
102244 | Zot:1    | Gained mutation: You are weak. (Str -2) [an orb of fire]
102248 | Zot:1    | Killed an orb of fire
102292 | Zot:1    | HP: 9/228 [electric golem (10)]
103422 | Zot:2    | Noticed an orb of fire
103615 | Zot:2    | Got Asmodeus's Precepts of Remoulded Arcane Combat
103739 | Zot:2    | Identified the +0 pair of boots of Goheigym {Str-2 Dex+4}
104232 | Zot:3    | Reached skill level 27 in Stealth
104382 | Zot:2    | Gained mutation: Your magical capacity is low. (-10% MP)
                  | [an orb of fire]
104393 | Zot:2    | Killed an orb of fire
104648 | Zot:3    | You are sucked into a shaft and drop 1 floor!
105124 | Zot:4    | Noticed an orb of fire
105131 | Zot:4    | Killed an orb of fire
105170 | Zot:3    | Noticed an orb of fire
105172 | Zot:3    | Killed an orb of fire
105441 | Zot:3    | Found the +4 dragonskin cloak
105441 | Zot:3    | Noticed Tiamat
105883 | Zot:3    | Identified the staff of cold "Tubrex" {rPois rC+ Will+}
105883 | Zot:3    | Identified the +1 robe of the Turtledove {*Corrode rF+ rC+
                  | Stlth+}
105883 | Zot:3    | Identified the ring of Qiah {Ice Will+ Slay+3 SInv}
105883 | Zot:3    | Noticed Josephina
106101 | Zot:2    | Killed Josephina
107775 | Zot:2    | Killed Tiamat
109321 | Zot:4    | Identified the +5 glaive of Perfectionism {freeze, rPois
                  | Will+ MP+9 Stlth-}
109612 | Zot:5    | Entered Level 5 of the Realm of Zot
110628 | Zot:5    | Noticed an ancient lich
110843 | Zot:5    | Noticed an orb of fire
110859 | Zot:5    | Gained mutation: You do not regenerate when monsters are
                  | visible. [an orb of fire]
110860 | Zot:5    | Killed an orb of fire
111505 | Zot:5    | Noticed an ancient lich
111514 | Zot:5    | Killed an ancient lich
111527 | Zot:5    | Killed an ancient lich
111641 | Zot:5    | Noticed a dread lich
111673 | Zot:5    | Killed a dread lich
112171 | Zot:5    | Noticed an orb of fire
112176 | Zot:5    | Noticed a dread lich
112449 | Zot:5    | Noticed a dread lich
112454 | Zot:5    | Paralysed by a dread lich for 3 turns
112457 | Zot:5    | Killed a dread lich
112462 | Zot:5    | Killed a dread lich
112463 | Zot:5    | Reached skill level 27 in Dodging
112463 | Zot:5    | Killed a dread lich
112564 | Zot:5    | Noticed a dread lich
112588 | Zot:5    | Killed a dread lich
113683 | Zot:5    | Banished an orb of fire
114142 | Zot:5    | Noticed an ancient lich
114163 | Zot:5    | Killed an ancient lich
114916 | D:10     | Killed erynZofia's ghost
115241 | Slime:1  | Entered Level 1 of the Pits of Slime
115530 | Slime:5  | Entered Level 5 of the Pits of Slime
116083 | Slime:5  | Reached skill level 27 in Fighting
116593 | Slime:5  | Noticed the Royal Jelly
116608 | Slime:5  | Found a viscous altar of Jiyva.
118305 | Slime:5  | Killed the Royal Jelly
118371 | Slime:5  | Identified the staff of poison "Pinan" {rPois Str+4 Int+2}
118388 | Slime:5  | Identified the ring of Suspicion {rN++ Will+ MP+9 Str-3}
118400 | Slime:5  | Identified the ring "Relub" {Int+3 SInv}
118411 | Slime:5  | Identified the staff of air "Ympor" {rElec rC+ Will+ Int+6}
118430 | Slime:5  | Identified the +1 great sword "Kiorraov" {freeze, *Rage rN+
                  | Str+2 Dex+3}
118431 | Slime:5  | Identified the +0 ring mail of Rotation {Rampage rF+ Dex-4}
118432 | Slime:5  | Identified the staff of poison "Dealuiqa" {rElec rPois
                  | Will- Str+4}
118447 | Slime:5  | Identified the +4 demon whip of the Keeping Genius {venom,
                  | rElec rN+ Dex+4}
118455 | Slime:5  | Got a slimy rune of Zot
118459 | Slime:5  | Identified the +0 leather armour "Kiwnymec" {Str+5 Slay-3}
118506 | Slime:5  | Identified the +9 spear "Nyacvunk" {heavy, Contam rCorr
                  | Str+3 Dex+2}
119046 | Depths:3 | Voluntarily entered the Abyss.
119137 | Abyss:4  | Gained mutation: You occasionally shout uncontrollably at
                  | your foes. [a cacodemon]
119168 | Abyss:4  | Got an abyssal rune of Zot
119198 | Depths:3 | Escaped the Abyss
119255 | Depths:3 | Lost mutation: You are weak. (Str -2) [potion of mutation]
119255 | Depths:3 | Lost mutation: You occasionally shout uncontrollably at
                  | your foes. [potion of mutation]
119255 | Depths:3 | Gained mutation: A frigid envelope surrounds you and
                  | freezes all who hurt you. [potion of mutation]
119255 | Depths:3 | Gained mutation: You have a pair of small horns on your
                  | head. [potion of mutation]
119256 | Depths:3 | Lost mutation: You have a pair of small horns on your head.
                  | [potion of mutation]
119256 | Depths:3 | Lost mutation: Your magical capacity is low. (-10% MP)
                  | [potion of mutation]
119256 | Depths:3 | Gained mutation: Your spells are a little easier to cast,
                  | but a little less powerful. [potion of mutation]
119407 | Hell     | Entered the Vestibule of Hell
119407 | Hell     | Noticed Geryon
119416 | Hell     | Killed Geryon
119519 | Hell     | Found a gateway to the freezing wastes of Cocytus.
119650 | Hell     | Found a gateway to the ashen valley of Gehenna.
119937 | Hell     | Learned a level 7 spell: Haunt
119958 | Hell     | Found a gateway to the decaying netherworld of Tartarus.
120050 | Hell     | Found a gateway to the Iron City of Dis.
120835 | D:15     | Learned a level 6 spell: Dispersal
121147 | Zot:5    | Got the Orb of Zot
121280 | Depths:4 | Identified the +2 tower shield "Zoobount" {*Slow rC++ rN+
                  | Dex+4}
121280 | Depths:4 | Noticed a seraph
121366 | Depths:1 | Noticed Qaewn the pandemonium lord
121761 | D:$      | Escaped with the Orb!

Illustrated notes

Levels and vault maps discovered:
D:1:      lightli_arrival_chessboard, layout_loops_ring,
          shapermc_ecumenical_altar_starsandcircs, serial_forest,
          infiniplex_forest_lined_room_3, infiniplex_forest_clump_curved,
          infiniplex_forest_lined_2, infiniplex_forest_zigzag_1,
          infiniplex_forest_end_1, infiniplex_forest_end_2,
          infiniplex_forest_clump_cross, infiniplex_forest_lined_3,
          chequers_serial_rivers_room_b
D:2:      layout_rooms, uniq_sigmund, uniq_terence
D:3:      layout_basic, uniq_ijyb
D:4:      layout_rooms, lightli_minifort
D:5:      gammafunk_steamed_eel, layout_layer_cave,
          grunt_temple_overflow_champion_of_chaos, nicolae_shop_fire_sale
          [nicolae_sub_dead_trees]
D:6:      layout_gridville, mainiacjoe_overflow_alcove_4,
          nicolae_wu_jian_wuxing_cycle, minmay_chambers_of_fives
D:7:      layout_basic, nicolae_overflow_hidden_temple, old_standard_altar,
          amethyst_overflow_temple_binary, minmay_temple_entry_slanted,
          enter_bailey_5
D:8:      kennysheep_blocky_hall, layout_basic, grunt_temple_overflow_open,
          uniq_maurice, uniq_joseph
D:9:      layout_rooms, hangedman_decor_lopped, skrybe_limestone_x,
          statue_in_the_mist_lemuel, minmay_librarian
D:10:     minmay_flawed_box, layout_cave_pods, fedhas_altar_fruit_tree,
          trog_book, ploomutoo_gammafunk_ghost_potion_laboratory,
          kb_lookout_dungeons_type
D:11:     layout_basic, gammafunk_ghost_split
D:12:     layout_irregular_city, orc_0_dummy, serial_bayou, serial_bayou_pond_b,
          serial_bayou_crossing, serial_bayou_ford_a, serial_bayou_pond_a,
          serial_bayou_lake_a
D:13:     layout_irregular_city, david_vaults_2, serial_shops, shop
D:14:     layout_loops_cross, serial_shops, shop
D:15:     gammafunk_depths_entry_grave, layout_loops_cross,
          gammafunk_ghost_grave, elyvilon_altar_5
Temple:   compressed_dpeg_triangle_lava_temple
Lair:1:   layout_roguey, infiniplex_staircase_pool_2, grunt_megastairs_3
Lair:2:   layout_gridlike, serial_bayou_pond_b
Lair:3:   nzn_winding_woodlands_cross [nzn_winding_woodlands_5x15_garden,
          nzn_winding_woodlands_5x15_pool,
          nzn_winding_woodlands_5x15_sidewinder,
          nzn_winding_woodlands_5x15_pockets,
          nzn_winding_woodlands_15x15_thick_spiral], layout_long_grid,
          swamp_mist, guppyfry_snake_entry_island, gauntlet_entry_generic,
          worms_lemuel, serial_bayou_shore_b
Lair:4:   layout_gridlike, grunt_megastairs_2
Lair:5:   wormcave, layout_gridlike, guppyfry_lair_end_dragon, slime_entry_1,
          ebering_ghost_disaster_area, serial_bayou_pond_d, serial_bayou_shore_a
Swamp:1:  layout_falls_marsh, basic_altar, swamp_pool5, uniq_kirke
Swamp:2:  layout_basic_swamp, nicolae_swamp_triple_paths, swamp_pool2,
          st_swamp_ruins_4
Swamp:3:  layout_basic_swamp, nicolae_swamp_small_spring, swamp_pool4,
          st_swamp_ruins_1
Swamp:4:  grunt_swamp_rune_castle, layout_basic_swamp,
          portal_ice_cave_entry_horrid_things, swamp_pool1
Snake:1:  layout_layer_cave
Snake:2:  layout_concentric_octagons, uniq_aizul
Snake:3:  layout_misc_corridors
Snake:4:  grunt_snake_rune_spirals, layout_onion, nicolae_snake_linked_coils
Slime:1:  layout_caves
Slime:2:  layout_caves, nicolae_slime_phagocytosis
Slime:3:  layout_caves
Slime:4:  layout_caves
Slime:5
Orc:1:    cheibrodos_orc_arena, layout_caves, basic_altar,
          nicolae_volcano_entry_lava_flow, uniq_harold
Orc:2:    st_orc_ogre_mass, layout_diamond_mine, basic_altar,
          nicolae_shop_vocational
Elf:1:    minmay_elf_arrival_summoners, layout_geoelf_grid,
          hangedman_elf_disciples, uniq_jorgrun
Elf:2:    elven_hall_of_blades_hangedman_alternative
          [nicolae_blade_entry_antechamber], layout_loops_corners, serial_shops,
          shop, nicolae_gammafunk_elf_defective_weapons_storage
Elf:3:    minmay_elf_hall_curves, layout_rooms, infiniplex_enter_wizlab_water,
          hex_medium
Vaults:1: nicolae_vaults_circle_grid_a, nicolae_vaults_storage_room_statues,
          nicolae_vaults_house_2, nicolae_vaults_tangram_1,
          nicolae_vaults_closet_pinwheel_6, nicolae_vaults_tetromino_T_2,
          nicolae_vaults_border_crossing, layout_vaults_quadrants
Vaults:2: v_rooms_4, nicolae_vaults_offset_grid_hallway_3, v_misc_28,
          nicolae_vaults_windows_and_doors_thing, hangedman_vaults_snaps,
          nicolae_vaults_trapezoid_lopsided_4, nicolae_vaults_theta,
          v_pattern_3, nicolae_vaults_six-pack, ontoclasm_vaults_pinch,
          v_misc_17, ontoclasm_vaults_twist, layout_vaults_maze_snakey
Vaults:3: v_rooms_6, nicolae_vaults_stand_back, v_rooms_2, v_misc_15, v_misc_13,
          minmay_crypt_entry_simple_walls, v_rooms_6,
          nicolae_vaults_shrinking_rooms_2, grunt_vaults_swirl, v_misc_10,
          vaults_room_semicircle, layout_vaults_omnibox
Vaults:4: portal_desolation_entry_ruin, nicolae_vaults_specimen_jars,
          v_alt_pattern_1, nicolae_vaults_prndl, nicolae_vaults_trapezoid_2,
          ontoclasm_vaults_claustrophobia, nicolae_vaults_network_quinsquares
          [nicolae_vaults_network_quincunx_subvault,
          nicolae_vaults_network_quincunx_subvault,
          nicolae_vaults_network_quincunx_subvault,
          nicolae_vaults_network_quincunx_subvault], v_misc_29,
          nicolae_vaults_double_plus_1, nicolae_vaults_steering_wheel,
          nicolae_vaults_little_squares_3, nicolae_vaults_heart-shaped_vault,
          layout_vaults_ring, uniq_xtahua, uniq_margery, uniq_bai_suzhen
Vaults:5: serial_shops, uniq_jory
Crypt:1:  layout_chaotic_city, uniq_sojobo
Crypt:2:  layout_misc_corridors, special_room [special_room_morgue],
          minmay_strange_pillars
Crypt:3:  lightli_unholy_cathedral, layout_chaotic_city,
          tomb_entry_simple_bobbens, columned_hall_lemuel, uniq_zenata
Tomb:1
Depths:1: layout_cave_pools, grunt_hell_entry_dis_mu, minmay_misc_feat_enclosed,
          grunt_ministairs_4, moated_statue, nicolae_uskayaw_dance_hall,
          uniq_mara
Depths:2: kennysheep_big_flooded_room, layout_basic, enter_ziggurat_d,
          grunt_mini_vestibule, grunt_pan_entry_spiral,
          nicolae_figureground_sparkle
Depths:3: minmay_the_grid_octo_tiled_octocenter [minmay_the_grid_octo_clover,
          minmay_the_grid_octo_focus, minmay_the_grid_octo_toaster,
          minmay_the_grid_octo_concentric,
          minmay_the_grid_octo_prize_single_spiral,
          minmay_the_grid_square_5x5_broken_cross,
          minmay_the_grid_square_5x5_misaligned, minmay_the_grid_square_5x5_c,
          minmay_the_grid_square_5x5_one_wall], layout_cave_pools,
          nicolae_ru_path_of_blood, abyss_entry, pf_hell_entry_tar_spiral,
          uniq_parghit, uniq_enchantress
Depths:4: grunt_zot_entry_alcove, layout_cave_pools, hell_entry,
          hangedman_glass_teeth
Hell
Zot:1:    layout_onion_interference, grunt_megastairs_1
Zot:2:    layout_onion_interference
Zot:3:    layout_onion, lemuel_baited_zot_trap, hangedman_zot_wheel_spokes,
          nzn_random_ring, uniq_josephina, uniq_tiamat
Zot:4:    kennysheep_oblong_rooms, layout_cellular_growth
Zot:5:    layout_gridlike

Skill      XL: |  1  2  3  4  5  6  7  8  9 10 11 12 13 14 15 16 17 18 19 20 21 22 23 24 25 26 27 |
---------------+----------------------------------------------------------------------------------+-----
Summonings     | 5 6 7 8 9 11 13 14 15 17 18 20 22 | 22.0
Fighting       | 5 9 11 13 18 20 27 | 27.0
Stealth        | 4 7 9 10 12 14 15 18 20 22 24 27 | 27.0
Invocations    | 1 7 9 15 | 15.1
Spellcasting   | 9 10 11 12 | 12.0
Dodging        | 9 11 12 17 19 20 22 27 | 27.0
Long Blades    | 5 7 10 14 16 17 20 23 | 23.8
Evocations     | 2 5 7 11 15 | 15.0
Shields        | 5 10 | 10.0
Translocations | 12 13 | 13.1

Action                     |  1- 3 |  4- 6 |  7- 9 | 10-12 | 13-15 | 16-18 | 19-21 | 22-24 | 25-27 || total
---------------------------+-------+-------+-------+-------+-------+-------+-------+-------+-------++-------
  Melee: Dagger            |   111 |    30 |       |    11 |   115 |   287 |   576 |   652 |   414 ||  2196
         Unarmed           |     8 |       |       |       |       |       |       |       |       ||     8
         Punch             |     2 |       |     3 |     5 |    15 |     8 |    12 |       |       ||    45
         Spear             |       |       |   123 |   215 |   173 |       |       |       |       ||   511
         Tailslap          |       |       |       |       |    14 |    21 |     6 |     8 |     4 ||    53
         Demon blade       |       |       |       |       |       |       |       |   905 |  2394 ||  3299
         Double sword      |       |       |       |       |       |       |       |    26 |       ||    26
         Lance             |       |       |       |       |       |       |       |       |    82 ||    82
   Fire: Sling             |       |    21 |     2 |       |       |       |       |       |       ||    23
   Cast: Summon Small Mamm |    31 |    23 |       |       |       |       |       |       |       ||    54
         Call Imp          |     4 |    14 |    10 |     3 |     2 |       |     1 |       |       ||    34
         Call Canine Famil |       |    18 |    26 |    56 |    36 |    11 |     8 |     2 |     4 ||   161
         Summon Guardian G |       |       |    13 |    30 |     2 |       |       |       |       ||    45
         Summon Lightning  |       |       |       |    46 |    36 |    16 |    21 |     6 |     7 ||   132
         Summon Cactus Gia |       |       |       |    19 |    99 |    38 |    30 |    35 |    30 ||   251
         Summon Forest     |       |       |       |     2 |    41 |    62 |    37 |    39 |    45 ||   226
         Summon Mana Viper |       |       |       |       |    26 |    20 |    35 |    22 |    24 ||   127
         Monstrous Menager |       |       |       |       |    56 |   293 |   184 |   156 |   252 ||   941
         Malign Gateway    |       |       |       |       |       |       |       |       |    24 ||    24
         Summon Horrible T |       |       |       |       |       |       |       |       |    12 ||    12
         Dispersal         |       |       |       |       |       |       |       |       |     2 ||     2
 Invoke: Line Pass         |       |       |       |       |       |       |       |     1 |       ||     1
         Grand Finale      |       |       |       |       |       |       |       |     1 |       ||     1
         Stomp             |       |       |       |       |       |       |       |       |     1 ||     1
  Evoke: Wand              |       |       |     3 |       |     6 |     9 |       |    10 |    63 ||    91
         Lightning rod     |       |       |       |       |       |       |     2 |       |       ||     2
         Tin of tremorston |       |       |       |       |       |       |       |       |     2 ||     2
    Use: Scroll            |       |       |     6 |    21 |     4 |     7 |     7 |    14 |    35 ||    94
         Potion            |       |       |       |       |     1 |       |     1 |     3 |    12 ||    17
   Stab: Sleeping          |     3 |       |     1 |     1 |    16 |     8 |    11 |    49 |   102 ||   191
         Distracted        |       |     2 |     1 |     5 |    11 |    23 |    26 |    88 |   162 ||   318
         Paralysed         |       |       |       |       |     4 |     1 |     7 |    57 |    95 ||   164
         Confused          |       |       |       |       |       |       |       |       |     1 ||     1
         Invisible         |       |       |       |       |       |       |       |       |     1 ||     1
 Armour: Robe              |    28 |     8 |       |       |       |     4 |       |       |       ||    40
         Ring mail         |       |    17 |    36 |       |       |       |       |       |       ||    53
         Leather armour    |       |       |    13 |    10 |       |     9 |       |       |       ||    32
         Steam dragon scal |       |       |       |    61 |   106 |    27 |       |       |       ||   194
         Troll leather arm |       |       |       |       |       |    68 |   146 |    16 |     8 ||   238
         Acid dragon scale |       |       |       |       |       |       |       |   284 |   534 ||   818
  Dodge: Dodged            |   112 |    27 |    76 |   183 |   340 |   524 |   445 |  1022 |  2403 ||  5132
  Block: Buckler           |       |       |       |       |       |       |    15 |   362 |   793 ||  1170
Riposte: Spear             |       |       |       |     1 |    43 |       |       |       |       ||    44
         Dagger            |       |       |       |       |    42 |    60 |       |       |       ||   102
